Map: Thunderbird LE

Players

Mesrob - Winner!

  • Race: Terran Terran
  • League: Platinum
  • Spawn Location: 5:00

Chiky

  • Race: Terran Terran
  • League: Platinum
  • Spawn Location: 11:00

VOD

Have the link to the VOD?

Description

Time

  • Played on: July 10, 2019, 3:18 p.m.
  • Length: 16:06
Show
View Real Time Build Order
Export as new Build Order

Mesrob Terran - Winner!

Build Orders: Mech 

Get SALT Encoding   

  12  0:01  SCV  
  13  0:13  SCV  
  14  0:17  Supply Depot  
  14  0:26  SCV  
  15  0:38  SCV  
  15  0:40  Barracks  
  16  0:47  Refinery  
  16  0:50  SCV  
  17  1:09  SCV  
  18  1:32  Orbital Command  
  18  1:41  Command Center  
  18  1:51  Factory  
  18  1:52  Marine  
  18  2:09  Refinery  
  18  2:11  Barracks Tech Lab  
  18  2:19  SCV  
  19  2:31  SCV  
  20  2:40  Supply Depot  
  20  2:43  SCV  
  21  2:53  Siege Tank  
  21  2:54  Orbital Command  
  21  2:57  Bunker  
  24  3:04  SCV  
  25  3:08  Marine  
  26  3:20  SCV  
  27  3:37  Supply Depot  
  27  3:41  SCV  
  27  3:43  SCV  
  29  3:53  Factory, SCV  
  29  3:55  Factory, SCV  
  31  3:58  Siege Tank  
  31  4:00  Supply Depot x2  
  34  4:06  SCV  
  34  4:07  Refinery, SCV  
  34  4:09  Marine  
  37  4:18  SCV  
  38  4:27  Marine, SCV  
  38  4:30  Siege Tank  
  43  4:40  Factory Reactor  
  43  4:42  Factory Tech Lab  
  43  4:49  SCV x2  
  45  4:54  Refinery  
  45  5:01  SCV  
  45  5:02  SCV  
  47  5:09  Engineering Bay  
  47  5:12  Armory  
  47  5:19  Command Center  
  47  5:22  Hellion x2  
  51  5:34  SCV  
  52  5:36  Armory  
  52  5:38  SCV  
  53  5:46  SCV  
  53  5:48  Missile Turret  
  54  5:51  Missile Turret  
  54  5:59  SCV  
  54  6:00  SCV  
  54  6:03  Thor  
  62  6:06  Hellion, Hellbat  
  66  6:13  Missile Turret x2  
  66  6:29  Siege Tank  
  69  6:35  Missile Turret  
  69  6:39  Marine  
  70  6:54  Orbital Command  
  70  6:56  SCV x2  
  72  7:02  Supply Depot  
  72  7:04  Supply Depot  
  72  7:08  SCV  
  73  7:15  Thor  
  79  7:16  Thor  
  85  7:24  Hellbat x2  
  85  7:27  Supply Depot  
  85  7:29  Supply Depot  
  89  7:31  Supply Depot  
  89  7:37  Supply Depot  
  89  7:49  Supply Depot  
  89  7:50  Supply Depot  
  89  7:51  Supply Depot x2  
  89  7:55  Supply Depot  
  89  7:58  Thor  
  95  7:59  Thor  
  95  8:02  SCV  
  95  8:04  SCV  
  103  8:14  Supply Depot  
  103  8:16  Supply Depot x2  
  103  8:31  Hellbat  
  103  8:32  Hellbat  
  107  8:35  Terran Vehicle And Ship Armor Level 1, Terran Vehicle Weapons Level 1  
  107  8:40  SCV  
  107  8:41  SCV x2, Thor  
  116  8:51  Thor  
  116  8:52  SCV  
  116  8:54  Hellbat x2  
  127  8:59  Supply Depot  
  127  9:14  SCV  
  127  9:15  Orbital Command  
  128  9:21  Supply Depot  
  128  9:23  Thor  
  132  9:34  Thor  
  132  9:45  Sensor Tower  
  132  9:48  Hellbat x2  
  136  10:06  Thor  
  142  10:09  SCV  
  143  10:17  Thor  
  143  10:21  SCV  
  150  10:22  Hellbat  
  150  10:23  Hellbat  
  154  10:31  Refinery  
  154  10:32  SCV  
  154  10:33  Refinery, SCV  
  156  10:44  SCV  
  156  10:45  SCV  
  156  10:49  Thor  
  164  11:10  Terran Vehicle And Ship Armor Level 2, Terran Vehicle Weapons Level 2  
  164  11:13  Thor  
  164  11:14  Hellbat  
  164  11:15  Hellbat  
  157  11:54  SCV  
  157  11:55  SCV  
  157  11:57  SCV  
  160  12:06  Factory  
  160  12:09  Factory  
  160  12:14  Hellion, Thor  
  160  12:15  Hellbat x2  
  170  12:48  Thor  
  170  12:49  Hellbat  
  170  12:50  Hellbat, Factory  
  180  12:52  Factory  
  180  12:57  Factory Tech Lab, Factory Reactor  
  180  13:20  Factory  
  180  13:32  Thor x2  
  180  13:33  Thor  
  196  13:35  Hellbat  
  196  13:36  Hellbat, Factory  
  196  13:37  Factory Tech Lab  
  200  13:48  Factory Reactor  
  200  14:05  Factory  
  162  14:24  Factory Tech Lab  
  162  14:25  Thor  
  162  14:27  Thor x2  
  162  14:30  Hellbat x4  
  162  14:31  Hellbat x2, Thor  
  198  14:55  Hellbat  
  152  15:26  Hellbat x3  
  152  15:27  Hellbat x2  
  152  15:28  Hellbat  
  194  15:35  Factory Tech Lab x2  
Show
View Real Time Build Order
Export as new Build Order

Chiky Terran 

Build Orders:  

Get SALT Encoding   

  12  0:00  SCV  
  13  0:13  SCV  
  14  0:17  Supply Depot  
  14  0:25  SCV  
  15  0:39  SCV  
  15  0:40  Barracks  
  16  0:50  Refinery  
  16  0:51  SCV  
  17  1:03  SCV  
  18  1:15  SCV  
  19  1:27  SCV  
  20  1:34  Command Center  
  20  1:36  Marine  
  21  1:49  Orbital Command  
  21  1:54  Marine  
  22  2:11  Factory  
  22  2:34  Barracks Reactor  
  22  2:35  SCV  
  23  2:45  Orbital Command  
  23  2:48  SCV  
  24  2:57  Hellion  
  26  3:00  SCV  
  26  3:02  Barracks  
  27  3:11  SCV  
  27  3:12  SCV  
  29  3:18  Supply Depot  
  29  3:23  SCV  
  29  3:24  SCV  
  31  3:28  Barracks Tech Lab  
  31  3:30  Hellion x2  
  35  3:36  SCV  
  35  3:38  SCV  
  37  3:48  SCV  
  38  3:50  Barracks  
  38  3:53  Supply Depot  
  38  3:58  Hellion  
  38  4:00  Hellion  
  38  4:01  Marine  
  43  4:15  Barracks Tech Lab  
  43  4:19  Marine  
  44  4:37  Marine  
  45  4:39  Stimpack  
  45  4:41  Supply Depot  
  45  4:42  Marauder  
  45  4:44  Barracks Reactor  
  47  4:49  SCV  
  47  4:50  SCV  
  49  4:52  Refinery  
  49  4:54  Refinery  
  49  4:55  Marauder  
  49  4:56  Engineering Bay  
  49  4:57  Supply Depot  
  51  5:01  SCV  
  51  5:02  SCV  
  51  5:03  Supply Depot  
  51  5:04  Marauder  
  55  5:13  SCV  
  57  5:14  SCV  
  57  5:17  Marauder  
  57  5:19  Supply Depot  
  59  5:22  Marine x2  
  59  5:24  Combat Shield  
  59  5:25  Marine, SCV  
  59  5:26  Supply Depot, SCV  
  64  5:33  Missile Turret  
  64  5:34  Missile Turret  
  64  5:37  SCV  
  64  5:38  Marine  
  64  5:41  Missile Turret  
  64  5:42  Missile Turret  
  66  5:51  Supply Depot, Terran Infantry Weapons Level 1  
  66  5:53  Marine x3  
  66  5:55  Marine  
  70  6:02  Starport  
  70  6:10  Marine x2  
  70  6:11  Marine  
  73  6:13  Marine  
  73  6:14  Supply Depot  
  74  6:19  Concussive Shells  
  74  6:28  Marine x2  
  76  6:39  SCV  
  78  6:40  Barracks, SCV  
  78  6:44  Refinery  
  78  6:45  Command Center  
  78  6:46  Starport Reactor  
  78  6:54  Marine x3  
  78  7:00  Supply Depot  
  81  7:13  Marine x4  
  85  7:24  Supply Depot  
  85  7:29  Barracks Reactor  
  85  7:30  Marine, Barracks  
  85  7:31  Marine x3  
  89  7:41  Liberator x2, Armory  
  89  7:46  Terran Infantry Armor Level 1  
  89  7:48  SCV x2  
  91  7:54  Supply Depot  
  94  8:00  SCV x2  
  99  8:07  SCV  
  99  8:12  SCV x2  
  102  8:16  Supply Depot  
  102  8:19  Barracks  
  102  8:24  Marine x5  
  102  8:25  Marine x2  
  109  8:35  Refinery  
  109  8:36  Refinery  
  109  8:38  Missile Turret  
  109  8:40  Supply Depot, Missile Turret  
  109  8:41  Medivac x2  
  111  8:42  Marine  
  111  8:43  Marauder x2  
  111  8:46  SCV  
  111  8:47  SCV x2  
  121  8:59  SCV  
  121  9:02  Marine x3  
  123  9:03  Marine x2  
  123  9:04  Marauder, Supply Depot  
  123  9:05  Marauder  
  131  9:11  Medivac x2  
  131  9:12  Marine  
  136  9:20  Marine x4  
  136  9:21  Marine  
  141  9:25  Marine  
  141  9:28  Supply Depot  
  139  9:41  Medivac  
  138  10:22  Marine x5  
  138  10:23  Marine x3  
  134  10:40  Marine x6  
  134  10:41  Marauder x2  
  144  10:57  Marine, SCV x2  
  144  10:58  Marine x5, SCV  
  144  11:03  Marauder x2  
  157  11:09  SCV  
  157  11:10  SCV  
  159  11:15  Marine  
  160  11:24  Marauder x2  
  137  11:44  Marine x3  
  137  11:45  Marine  
  137  11:46  Medivac x2  
  136  11:48  Terran Infantry Weapons Level 2  
  136  12:02  Marine  
  136  12:03  Marine x6  
  136  12:04  Marine  
  144  12:16  Medivac  
  144  12:17  Command Center  
  144  12:20  Marine x2  
  144  12:21  Marine  
  149  12:24  Marine x5  
  149  12:28  Medivac  
  156  12:38  Marine x3  
  156  12:40  Liberator  
  156  12:42  Marine x2  
  161  12:46  Medivac  
  166  12:59  Liberator  
  166  13:01  Marine  
  166  13:02  Marine x5  
  174  13:18  Barracks Reactor  
  174  13:19  Marine x3, Barracks Reactor  
  176  13:20  Marine x3  
  176  13:23  Liberator  
  181  13:29  SCV x3  
  181  13:31  Missile Turret  
  184  13:37  Marine x4  
  184  13:41  Marine, SCV  
  192  13:42  Marine  
  194  13:52  Liberator, Missile Turret  
  194  13:54  SCV  
  194  13:55  Marine  
  196  14:00  Marine x4  
  200  14:06  Liberator  
  200  14:08  Marine  
  200  14:13  Marine x4  
  200  14:14  Marine  
  185  14:17  Marine x4  
  192  14:26  Marine  
  192  14:30  Marine  
  192  14:31  Marine x4  
  171  15:01  Marine x5  
  171  15:02  Marine x3  
  124  15:13  Marine x2  
  98  15:18  Marine  
  98  15:19  Marine x6  
  98  15:20  Marine  
  102  15:25  Sensor Tower  
  102  15:30  Marine  
  102  15:31  Marine  
  104  15:36  Marine  
  104  15:37  Marine  
Tags
 
Composition
Mech
Matchup
TvT
Race
Terran
Replay Pack
sc2 replays
Spawn Locations
Cross Positions
Add a new tag
Caveats
  • Supply blocks, unpowered buildings, or Contaminate may cause inaccurate times.
  • Supply counts are checked every 10 seconds.